PL
BUFFALO WHITE WALKERS @ NORTHERN VIRGINIA RAINBOW MERMAIDS
08/07/2041
 
TOP OF THE 1ST
Buffalo White Walkers batting - Pitching for Northern Virginia Rainbow Mermaids : RHP Mal Houser
Pitching: RHP Mal Houser
Batting: LHB Jesús Lazcano 0-0: Swinging Strike
0-1: Ball
1-1: Foul Ball, location: 2F
1-2: Ball
2-2: Ball
3-2: Ground out 1-3 (Groundball, 34S, EV 90.6 MPH)
Batting: LHB Dread Roberts 0-0: Ground out 1-3 (Groundball, P, EV 80.0 MPH)
Batting: SHB Je-myung Yu 0-0: Called Strike
0-1: Ball
1-1: Called Strike
1-2: Ball
2-2: Ball
3-2: Base on Balls
Batting: LHB Jorge Herrera 0-0: Foul Ball, location: 2F
0-1: Fly out, F8 (Line Drive, 8LM, EV 98.1 MPH)
Top of the 1st over - 0 runs, 0 hits, 0 errors, 1 left on base; Buffalo 0 - Northern Virginia 0
BOTTOM OF THE 1ST
Northern Virginia Rainbow Mermaids batting - Pitching for Buffalo White Walkers : LHP Dave Dunn
Pitching: LHP Dave Dunn
Batting: RHB Mario Castillo 0-0: Ball
1-0: Called Strike
1-1: Ball
2-1: Swinging Strike
2-2: Foul Ball, location: 2F
2-2: Strikes out swinging
Batting: LHB Rylen Roersma 0-0: Ball
1-0: Swinging Strike
1-1: Foul Ball, location: 2F
1-2: Ball
2-2: Foul Ball, location: 2F
2-2: Foul Ball, location: 2F
2-2: Foul Ball, location: 2F
2-2: Foul Ball, location: 2F
2-2: Foul Ball, location: 2F
2-2: Foul Ball, location: 2F
2-2: Foul Ball, location: 2F
2-2: Ball
3-2: SINGLE (Popup, 34D, EV 69.4 MPH)
Batting: RHB Rob Brooks 0-0: Called Strike
0-1: Fly out, F8 (Flyball, 8RD, EV 91.9 MPH)
Batting: LHB Ryder Ringor Pickoff Throw to First - Out! 1-3
Bottom of the 1st over - 0 runs, 1 hit, 0 errors, 0 left on base; Buffalo 0 - Northern Virginia 0
TOP OF THE 2ND
Buffalo White Walkers batting - Pitching for Northern Virginia Rainbow Mermaids : RHP Mal Houser
Batting: RHB Tom Smythe 0-0: Called Strike
0-1: Ball
1-1: Fly out, F8 (Flyball, 89M, EV 86.2 MPH)
Batting: SHB Tom Dickinson 0-0: Ball
1-0: Foul Ball, location: 2F
1-1: Ground out 1-3 (Groundball, P, EV 85.0 MPH)
Batting: RHB Eddie Sachs 0-0: Foul Ball, location: 2F
0-1: Fly out, F9 (Flyball, 9S, EV 93.1 MPH)
Top of the 2nd over - 0 runs, 0 hits, 0 errors, 0 left on base; Buffalo 0 - Northern Virginia 0
BOTTOM OF THE 2ND
Northern Virginia Rainbow Mermaids batting - Pitching for Buffalo White Walkers : LHP Dave Dunn
Batting: LHB Ryder Ringor 0-0: Called Strike
0-1: Ground out 4-3 (Groundball, 4M, EV 80.6 MPH)
Batting: RHB Manuel Márquez 0-0: Ball
1-0: Fly out, F4 (Flyball, 4D, EV 84.4 MPH)
Batting: RHB Woong Byeon 0-0: Ball
1-0: Called Strike
1-1: Fly out, F8 (Line Drive, 8RM, EV 90.0 MPH)
Bottom of the 2nd over - 0 runs, 0 hits, 0 errors, 0 left on base; Buffalo 0 - Northern Virginia 0
TOP OF THE 3RD
Buffalo White Walkers batting - Pitching for Northern Virginia Rainbow Mermaids : RHP Mal Houser
Pitching: RHP Nick Rollins
Batting: RHB José Santos 0-0: Ball
1-0: Ball
2-0: Called Strike
2-1: Ball
3-1: Swinging Strike
3-2: Ground out 3-1 (Groundball, 34, EV 101.9 MPH)
Batting: RHB Cisco Feijoo 0-0: Ball
1-0: Foul Ball, location: 2F
1-1: Ground out 5-3 (Groundball, 56, EV 100.6 MPH)
Batting: LHB Jesús Lazcano 0-0: Called Strike
0-1: Called Strike
0-2: Strikes out looking
Top of the 3rd over - 0 runs, 0 hits, 0 errors, 0 left on base; Buffalo 0 - Northern Virginia 0
BOTTOM OF THE 3RD
Northern Virginia Rainbow Mermaids batting - Pitching for Buffalo White Walkers : LHP Dave Dunn
Batting: RHB Jon Huband 0-0: Ball
1-0: Bunt for hit to 13S - play at first, batter OUT! 1-3
Batting: LHB Tony Goodwin 0-0: Called Strike
0-1: Ball
1-1: Called Strike
1-2: Ground out 4-3 (Groundball, 4, EV 81.9 MPH)
Batting: RHB John Juanda 0-0: Swinging Strike
0-1: Ground out 4-3 (Groundball, 4M, EV 103.1 MPH)
Bottom of the 3rd over - 0 runs, 0 hits, 0 errors, 0 left on base; Buffalo 0 - Northern Virginia 0
TOP OF THE 4TH
Buffalo White Walkers batting - Pitching for Northern Virginia Rainbow Mermaids : RHP Nick Rollins
Batting: LHB Dread Roberts 0-0: Foul Ball, location: 2F
0-1: Ball
1-1: Fly out, F8 (Flyball, 8LD, EV 88.8 MPH)
Batting: SHB Je-myung Yu 0-0: Foul Ball, location: 2F
0-1: Foul Ball, location: 2F
0-2: Ball
1-2: Fly out, F9 (Flyball, 9S, EV 95.0 MPH)
Batting: LHB Jorge Herrera 0-0: Foul Ball, location: 2F
0-1: Ground out U3 (Groundball, 3, EV 90.0 MPH)
Top of the 4th over - 0 runs, 0 hits, 0 errors, 0 left on base; Buffalo 0 - Northern Virginia 0
BOTTOM OF THE 4TH
Northern Virginia Rainbow Mermaids batting - Pitching for Buffalo White Walkers : LHP Dave Dunn
Batting: RHB Mario Castillo 0-0: Ball
1-0: Ball
2-0: Called Strike
2-1: Fly out, F9 (Flyball, 9S, EV 85.6 MPH)
Batting: LHB Rylen Roersma 0-0: Called Strike
0-1: Ball
1-1: Ball
2-1: Foul Ball, location: 2F
2-2: Ball
3-2: SINGLE (Groundball, 4MD, EV 95.6 MPH)
Batting: RHB Rob Brooks 0-0: DOUBLE (Flyball, 78XD, EV 94.4 MPH)
Rylen Roersma to third
Batting: LHB Ryder Ringor 0-0: Ball
1-0: Foul Ball, location: 2F
1-1: Ball
2-1: Ball
3-1: Swinging Strike
3-2: Ground out 4-3 (Groundball, 4, EV 88.8 MPH)
Rylen Roersma scores
Rob Brooks to third
Batting: RHB Manuel Márquez 0-0: Foul Ball, location: 2F
0-1: Ball
1-1: Ball
2-1: Fly out, F9 (Flyball, 9S, EV 78.8 MPH)
Bottom of the 4th over - 1 run, 2 hits, 0 errors, 1 left on base; Buffalo 0 - Northern Virginia 1
TOP OF THE 5TH
Buffalo White Walkers batting - Pitching for Northern Virginia Rainbow Mermaids : RHP Nick Rollins
Batting: RHB Tom Smythe 0-0: Called Strike
0-1: Foul Ball, location: 2F
0-2: Ball
1-2: Ball
2-2: Ball
3-2: Base on Balls
Batting: SHB Tom Dickinson 0-0: Ball
1-0: Ball
2-0: Called Strike
2-1: Ball
3-1: Fielders Choice at 2nd, 6-4 (Groundball, 6, EV 81.9 MPH)
Batting: RHB Eddie Sachs 0-0: Swinging Strike
0-1: Called Strike
0-2: Strikes out swinging
Batting: RHB José Santos 0-0: Foul Ball, location: 2F
0-1: Ball
1-1: SINGLE (Line Drive, 8RS, EV 100.6 MPH)
Tom Dickinson to second
Batting: RHB Cisco Feijoo 0-0: Ball
1-0: Swinging Strike
1-1: Called Strike
1-2: Foul Ball, location: 2F
1-2: Ball
2-2: Ball
3-2: Ground out 6-3 (Groundball, 6, EV 107.5 MPH)
Top of the 5th over - 0 runs, 1 hit, 0 errors, 2 left on base; Buffalo 0 - Northern Virginia 1
BOTTOM OF THE 5TH
Northern Virginia Rainbow Mermaids batting - Pitching for Buffalo White Walkers : LHP Dave Dunn
Batting: RHB Woong Byeon 0-0: Ground out 6-3 (Groundball, 6, EV 95.6 MPH)
Batting: RHB Jon Huband 0-0: Ball
1-0: Bunt for hit to 13 - play at first, batter OUT! 1-3
Batting: LHB Tony Goodwin 0-0: Ball
1-0: Fly out, F8 (Flyball, 8LM, EV 94.4 MPH)
Bottom of the 5th over - 0 runs, 0 hits, 0 errors, 0 left on base; Buffalo 0 - Northern Virginia 1
TOP OF THE 6TH
Buffalo White Walkers batting - Pitching for Northern Virginia Rainbow Mermaids : RHP Nick Rollins
Batting: LHB Jesús Lazcano 0-0: SINGLE (Line Drive, 89M, EV 105.0 MPH)
Batting: LHB Dread Roberts 0-0: Called Strike
0-1: Sac Bunt to 13 - play at first, batter OUT! 1-4
Jesús Lazcano to second
Batting: SHB Je-myung Yu 0-0: Ball
1-0: Foul Ball, location: 2F
1-1: Called Strike
1-2: Foul Ball, location: 2F
1-2: Ball
2-2: Ball
3-2: Fly out, F8 (Flyball, 8LM, EV 80.6 MPH)
Batting: LHB Jorge Herrera 0-0: Swinging Strike
0-1: Foul Ball, location: 2F
0-2: Foul Ball, location: 2F
0-2: Ball
1-2: Strikes out swinging
Top of the 6th over - 0 runs, 1 hit, 0 errors, 1 left on base; Buffalo 0 - Northern Virginia 1
BOTTOM OF THE 6TH
Northern Virginia Rainbow Mermaids batting - Pitching for Buffalo White Walkers : LHP Dave Dunn
Batting: RHB John Juanda 0-0: Ball
1-0: Fly out, F8 (Flyball, 8RD, EV 89.4 MPH)
Batting: RHB Mario Castillo 0-0: Foul Ball, location: 2F
0-1: Ground out U3 (Groundball, 34S, EV 91.2 MPH)
Batting: LHB Rylen Roersma 0-0: Ball
1-0: Ball
2-0: Ball
3-0: Base on Balls
Batting: RHB Rob Brooks 0-0: Called Strike
0-1: Ball
1-1: Ball
2-1: Fly out, F5 (Popup, 5S, EV 80.0 MPH)
Bottom of the 6th over - 0 runs, 0 hits, 0 errors, 1 left on base; Buffalo 0 - Northern Virginia 1
TOP OF THE 7TH
Buffalo White Walkers batting - Pitching for Northern Virginia Rainbow Mermaids : RHP Nick Rollins
Batting: RHB Tom Smythe 0-0: Ball
1-0: Foul Ball, location: 2F
1-1: Ball
2-1: Ball
3-1: Called Strike
3-2: SINGLE (Line Drive, 78S, EV 98.8 MPH)
Batting: SHB Tom Dickinson 0-0: Called Strike
0-1: Swinging Strike
0-2: Ball
1-2: Foul Ball, location: 2F
1-2: SINGLE (Groundball, 4D, EV 95.0 MPH)
Tom Smythe to second
Runner from 2nd tries for 3rd, OUT! 8-5
Batting: RHB Eddie Sachs 0-0: SINGLE (Groundball, 56D, EV 95.6 MPH)
Tom Dickinson to second
Batting: RHB José Santos 0-0: Foul Ball, location: 2F
0-1: Grounds into double play, 6-4-3 (Groundball, 6, EV 108.8 MPH)
Top of the 7th over - 0 runs, 3 hits, 0 errors, 1 left on base; Buffalo 0 - Northern Virginia 1
BOTTOM OF THE 7TH
Northern Virginia Rainbow Mermaids batting - Pitching for Buffalo White Walkers : LHP Dave Dunn
Pitching: RHP Woodward Haberdash
Batting: LHB Ryder Ringor 0-0: Foul Ball, location: 2F
0-1: Ball
1-1: Ball
2-1: Ball
3-1: Base on Balls
Batting: RHB Manuel Márquez 0-0: Ball
1-0: Called Strike
1-1: Called Strike
1-2: Foul Ball, location: 2F
1-2: Fly out, F8 (Flyball, 8LS, EV 95.6 MPH)
Batting: RHB Woong Byeon 0-0: Grounds out, U3 (Groundball, 3L, EV 96.9 MPH)
Batting: RHB Jon Huband 0-0: Called Strike
0-1: Ball
1-1: Fly out, F4 (Popup, 34D, EV 45.0 MPH)
Bottom of the 7th over - 0 runs, 0 hits, 0 errors, 1 left on base; Buffalo 0 - Northern Virginia 1
TOP OF THE 8TH
Buffalo White Walkers batting - Pitching for Northern Virginia Rainbow Mermaids : RHP Nick Rollins
Batting: RHB Cisco Feijoo 0-0: Called Strike
0-1: Fly out, F9 (Line Drive, 89M, EV 101.9 MPH)
Batting: LHB Jesús Lazcano 0-0: Called Strike
0-1: Fly out, F9 (Flyball, 9LD, EV 87.5 MPH)
Batting: LHB Dread Roberts 0-0: Ball
1-0: Ball
2-0: Called Strike
2-1: Called Strike
2-2: Ball
3-2: Fly out, F7 (Flyball, 7, EV 78.8 MPH)
Top of the 8th over - 0 runs, 0 hits, 0 errors, 0 left on base; Buffalo 0 - Northern Virginia 1
BOTTOM OF THE 8TH
Northern Virginia Rainbow Mermaids batting - Pitching for Buffalo White Walkers : RHP Woodward Haberdash
Batting: LHB Tony Goodwin 0-0: Called Strike
0-1: Foul Ball, location: 2F
0-2: Ball
1-2: Fly out, F9 (Flyball, 9S, EV 95.6 MPH)
Batting: RHB John Juanda 0-0: Called Strike
0-1: Ball
1-1: Foul Ball, location: 2F
1-2: Ball
2-2: Ball
3-2: Strikes out swinging
Batting: RHB Mario Castillo 0-0: Called Strike
0-1: Foul Ball, location: 2F
0-2: Foul Ball, location: 2F
0-2: Ball
1-2: Ground out 1-3 (Groundball, 34S, EV 62.5 MPH)
Bottom of the 8th over - 0 runs, 0 hits, 0 errors, 0 left on base; Buffalo 0 - Northern Virginia 1
TOP OF THE 9TH
Buffalo White Walkers batting - Pitching for Northern Virginia Rainbow Mermaids : RHP Nick Rollins
Batting: SHB Je-myung Yu 0-0: Ball
1-0: Called Strike
1-1: Ball
2-1: Swinging Strike
2-2: Ball
3-2: Ground out U3 (Groundball, 3, EV 77.5 MPH)
Pitching: RHP Yoriyoshi Sugimoto
Batting: LHB Jorge Herrera 0-0: Ball
1-0: Foul Ball, location: 2F
1-1: Ball
2-1: Ground out 4-3 (Groundball, 4S, EV 91.9 MPH)
Batting: RHB Tom Smythe 0-0: Ball
1-0: Swinging Strike
1-1: Ball
2-1: Foul Ball, location: 2F
2-2: Ball
3-2: Foul Ball, location: 2F
3-2: Fly out, F7 (Line Drive, 78S, EV 90.0 MPH)
Top of the 9th over - 0 runs, 0 hits, 0 errors, 0 left on base; Buffalo 0 - Northern Virginia 1
Tuesday, January 5th, 2021 - OOTP Baseball 20.8 Build 74